 Dungeon Crawl Stone Soup version 0.31-a0-865-g3d5d91748a (webtiles) character file.

Game seed: 6443726627109529882

23839 Newt the Basher (level 12, -8/82 HPs)
             Began as a Demonspawn Gladiator on Oct 10, 2023.
             Was a Priest of Hepliaklqana.
             Mangled by a yaktaur captain (16 damage)
             ... on level 13 of the Dungeon.
             The game lasted 00:16:37 (11648 turns).

Newt the Basher (Demonspawn Gladiator)             Turns: 11648, Time: 00:16:38

Health: -8/82      AC: 17    Str: 19    XL:     12   Next: 75%
Magic:  22/22      EV: 13    Int: 14    God:    Hepliaklqana [***...]
Gold:   519        SH:  9    Dex: 12    Spells: 11/11 levels left

rFire   + + +        N - +7 flail of the Bedazzling Shark {drain, rF+++ rC+ Dex-4}
rCold   + . .        o - +0 buckler
rNeg    + . .        V - +0 troll leather armour
rPois   .            R - +3 hat of Pondering {ponderous, Will+ MP+10 Int+5}
rElec   .            (no cloak)
rCorr   +            I - +0 pair of gloves
SInv    .            y - +0 pair of boots
Will    ++...        u - amulet of the acrobat
Stlth   +            O - ring of positive energy
HPRegen 1.13/turn    P - ring of resist corrosion
MPRegen 0.18/turn

%: acrobat
@: enlightened, flying, slow
A: reduced essence, molten scales 2, demonic guardian 1, icemail 1, condensation
shield, corrupting presence 1, weakness stinger 1
a: Renounce Religion, Recall Ancestor, Ancestor Identity, Transference


You were on level 13 of the Dungeon.
You worshipped Hepliaklqana.
Hepliaklqana was most pleased with you.
You visited 2 branches of the dungeon, and saw 14 of its levels.
You also visited: Sewer.

You collected 639 gold pieces.
You spent 120 gold pieces at shops.

Inventory:

Hand Weapons
 a - a +0 rapier of electrocution
 k - a +1 flail of protection
 n - a +3 quarterstaff
 N - the +7 flail of the Bedazzling Shark (weapon) {drain, rF+++ rC+ Dex-4}
   (You found it on level 8 of the Dungeon)

   Dex-4:     It affects your dexterity (-4).
   rF+++:     It renders you almost immune to fire.
   rC+:       It protects you from cold.
Missiles
 e - a javelin
 l - 45 poisoned darts
Armour
 o - a +0 buckler (worn)
 y - a +0 pair of boots (worn)
 I - a +0 pair of gloves (worn)
 R - the +3 hat of Pondering (worn) {ponderous, Will+ MP+10 Int+5}
   (You took it off Gastronok on level 8 of the Dungeon)

   Int+5:     It affects your intelligence (+5).
   Will+:     It increases your willpower.
   MP+10:     It affects your magic capacity (+10).
 V - a +0 troll leather armour (worn)
Jewellery
 h - a +6 ring of strength
 u - an amulet of the acrobat (around neck)
 O - a ring of positive energy (left hand)
 P - a ring of resist corrosion (right hand)
 U - a ring of positive energy
 W - a ring of ice
Wands
 b - a wand of flame (6)
 r - a wand of mindburst (5)
 w - a wand of quicksilver (12)
 z - a wand of charming (15)
 Q - a wand of digging (13)
 X - a wand of roots (13)
Scrolls
 c - a scroll of amnesia
 i - 4 scrolls of blinking
 m - 7 scrolls of teleportation
 x - 4 scrolls of identify
 B - a scroll of fear
 E - a scroll of enchant armour
 F - 2 scrolls of torment
 G - 2 scrolls of silence
 H - 2 scrolls of vulnerability
 J - 2 scrolls of poison
 M - a scroll of immolation
 T - a scroll of revelation
Potions
 g - 5 potions of curing
 j - 2 potions of heal wounds
 p - 6 potions of brilliance
 q - 2 potions of resistance
 s - 2 potions of ambrosia
 A - a potion of mutation
 C - a potion of might {unknown}
 D - 2 potions of magic
 K - a potion of lignification
 L - 2 potions of degeneration
 S - a potion of invisibility
 Y - 2 potions of cancellation
Miscellaneous
 t - a tin of tremorstones (1/2)
 v - a phial of floods
 Z - a sack of spiders


   Skills:
 - Level 8.0 Fighting
 - Level 4.0 Short Blades
 + Level 11.9(12.1) Maces & Flails
 - Level 2.5(3.6) Polearms
 - Level 4.0(8.8) Staves
 - Level 1.7 Throwing
 - Level 9.0 Armour
 - Level 5.0 Dodging
 - Level 6.0 Shields
 - Level 7.0 Evocations


You had 11 spell levels left.
You didn't know any spells.
Your spell library contained the following spells:

 Spells                   Type           Power      Damage    Failure   Level
 Cigotuvi's Dreadful Rot  Necr/Pois/Air  0%         N/A       52%         2
 Lesser Beckoning         Tloc           0%         N/A       52%         2
 Static Discharge         Conj/Air       0%         2-2/arc   52%         2
 Call Canine Familiar     Summ           0%         N/A       77%         3
 Gell's Gravitas          Tloc           0%         N/A       77%         3
 Sigil of Binding         Hex            0%         N/A       77%         3
 Teleport Other           Tloc           0%         N/A       77%         3
 Airstrike                Air            0%         2d(0-16)  99%         4
 Dimensional Bullseye     Hex/Tloc       0%         N/A       99%         4
 Dispel Undead            Necr           0%         3d6       99%         4
 Leda's Liquefaction      Hex/Erth       0%         N/A       99%         4
 Summon Lightning Spire   Summ/Air       0%         N/A       99%         4
 Death Channel            Necr           0%         N/A       100%        6
 Dispersal                Tloc           0%         N/A       100%        6


Dungeon Overview and Level Annotations

Branches:
Dungeon (13/15)            Temple (1/1) D:6            Lair (0/5) D:10
    Orc (0/2) D:10         Vaults (0/5) D:13          Sewer (visited)

Altars:
Ashenzari
Cheibriados
Dithmenos
Fedhas
Gozag
Hepliaklqana
Kikubaaqudgha
Makhleb
Nemelex Xobeh
Okawaru
Qazlal
Ru
Sif Muna
Trog
Uskayaw
Vehumet
Wu Jian
Xom
Yredelemnul

Shops:
D:3 :   D:4 [(?


Innate Abilities, Weirdness & Mutations

Your life essence is reduced to manifest your ancestor. (-10% HP)
You are mostly covered in molten scales. (AC +3)
A weak demonic guardian rushes to your aid.
A meltable icy envelope protects you from harm. (AC +4)
A meltable shield of frost defends you. (SH +4)
Your presence sometimes corrodes those you injure.
You have a small tail.


Message History

You block the yaktaur's attack.
The yaktaur captain shoots a bolt.
The bolt hits you but does no damage.
The yaktaur shoots a bolt.
The bolt hits you!
You are too injured to fight recklessly!
You are too injured to fight recklessly!
Unknown command.
You are too injured to fight recklessly!
You thump the yaktaur!
You kill the yaktaur!
Xiuhtonal barely misses the yaktaur.
The yaktaur captain shoots a bolt.
The bolt hits you!!
* * * LOW HITPOINT WARNING * * *
The yaktaur shoots a bolt.
You block the bolt.
The yaktaur shoots a bolt.
The bolt hits Xiuhtonal.
The yaktaur captain shoots a bolt.
You block the bolt.
Xiuhtonal hits the yaktaur with a +0 flail.
Things that are here:
a +0 arbalest; 2 large rocks; a cyclops corpse Unknown command.
The yaktaur unwields a +0 arbalest.
The yaktaur barely misses Xiuhtonal.
The yaktaur captain shoots a bolt.
The bolt hits you.
* * * LOW HITPOINT WARNING * * *
Unknown command.
Xiuhtonal hits the yaktaur with a +0 flail!
Unknown command.
You hit the yaktaur captain but do no damage.
The yaktaur captain unwields a +0 arbalest.
The yaktaur captain closely misses you. The yaktaur closely misses you.
Xiuhtonal hits the yaktaur with a +0 flail!
Unknown command.
You thump the yaktaur captain! You drain the yaktaur captain.
The yaktaur captain is moderately wounded.
The yaktaur misses you. The yaktaur captain hits you!
* * * LOW HITPOINT WARNING * * *
Unknown command.
You feel very buoyant.
You fly up into the air.
Xiuhtonal hits the yaktaur with a +0 flail!
The yaktaur captain hits you!
You die...

###.##### ####.....zz.#
#.......# #...#####[..
#####.......##### #.###
#.#. ................#
#..# #..$
................#####.##
..##
............)...........
#.##
......#........)....#.#.
#.
......#.>.....?..R......
..
..)...#.........@c..###.
###
......#####+##..c....∩#
.####.# ###......# .#
#.# #...).... .# #.#
#........ .# ...
#####.... .# ### #.## .#
.# .#


You could see the friendly Xiuhtonal the knight, a yaktaur captain (drained) and
a yaktaur (distracted, ally target).

Vanquished Creatures
  Gastronok (D:8)
  A death knight (D:12)
  4 centaur warriors
  A boulder beetle (D:12)
  2 two-headed ogres
  A tengu warrior (D:12)
  A skeletal warrior (D:12)
  An ugly thing (D:13)
  A manticore (D:11)
  An elephant (D:10)
  3 cyclopes
  3 slime creatures (D:12)
  A gargoyle (D:12)
  A guardian serpent (shapeshifter) (D:13)
  Jeremiah (D:8)
  An unseen horror (D:11)
  Psyche (D:8)
  4 kobold demonologists
  A komodo dragon (D:10)
  2 yaktaurs
  A tengu conjurer (D:12)
  A troll (D:10)
  2 hornets
  A shadow (D:12)
  Sigmund (D:5)
  5 yaks (D:8)
  2 vampires
  A wyvern (D:10)
  A basilisk (D:10)
  A vampire mosquito (D:12)
  A steam dragon (D:8)
  2 acid dragons
  3 water moccasins
  The ghost of DocEon the Ruffian, an amateur VSMo (D:3)
  A sky beast (D:7)
  Duvessa (D:6)
  2 orc warriors
  2 black bears
  An ogre (D:5)
  An ice beast (D:6)
  2 centaurs
  8 kobold brigands
  3 bullfrogs
  6 scorpions
  12 wights
  Dowan (D:6)
  9 killer bees
  7 howler monkeys (D:9)
  A jelly (D:4)
  3 hounds
  2 orc priests
  2 sleepcaps
  3 orc wizards
  4 iguanas
  A hound zombie (D:3)
  12 adders
  4 gnolls (D:4)
  A river rat (D:3)
  A shadow imp (D:7)
  An ufetubus (D:2)
  3 worms
  3 dart slugs
  34 orcs
  10 bats
  10 endoplasms
  6 giant cockroaches
  9 goblins
  4 hobgoblins
  3 jackals (D:3)
  30 kobolds
  4 quokkas
  6 ball pythons
  A ball python zombie (D:3)
  5 frilled lizards
  8 rats
282 creatures vanquished.

Vanquished Creatures (collateral kills)
  Fannar (D:10)
  A boulder beetle (D:12)
  A deep elf pyromancer (D:12)
  An unseen horror (D:12)
  A komodo dragon (D:11)
  A troll (D:11)
  A wraith (D:13)
  A vampire (D:11)
  A wyvern (D:10)
  2 vampire mosquitoes (D:12)
  A sky beast (D:8)
  A bullfrog (D:9)
  A wight (D:8)
  A killer bee (D:11)
  An orc priest (D:8)
  An orc wizard (D:9)
  A bat (D:9)
  10 kobolds
28 creatures vanquished.

Vanquished Creatures (others)
  4 knights
  3 ancestors
  An orc (D:3)
  A kobold (D:6)
9 creatures vanquished.

Grand Total: 319 creatures vanquished

Notes
Turn   | Place    | Note
-------+----------+-------------------------------------------
     0 | D:1      | Newt the Demonspawn Gladiator began the quest for the Orb.
     0 | D:1      | Reached XP level 1. HP: 16/16 MP: 1/1
   101 | D:1      | Gained mutation: You are partially covered in molten
                  | scales. (AC +2) [demonic ancestry]
   101 | D:1      | Reached XP level 2. HP: 23/23 MP: 2/2
   645 | D:2      | Gained mutation: You have a small tail. [demonic ancestry]
   645 | D:2      | Reached XP level 3. HP: 29/29 MP: 3/3
   875 | D:2      | Found a shimmering altar of Xom.
   900 | D:2      | Reached XP level 4. HP: 37/37 MP: 4/4
  1385 | D:3      | Found Xuugrebou's Vocational Training.
  1529 | D:3      | Found a glowing drain.
  1533 | Sewer    | Entered a sewer
  1571 | Sewer    | Noticed a water moccasin
  1579 | Sewer    | Killed a water moccasin
  1580 | Sewer    | Gained mutation: A weak demonic guardian rushes to your
                  | aid. [demonic ancestry]
  1580 | Sewer    | Reached XP level 5. HP: 35/42 MP: 5/5
  2065 | D:3      | Found a runed translucent gate.
  2065 | D:3      | Found a runed translucent gate.
  2065 | D:3      | Found a runed translucent gate.
  2065 | D:3      | Noticed DocEon's ghost (amateur VSMo)
  2067 | D:3      | Found a basalt altar of Yredelemnul.
  2093 | D:3      | Killed DocEon's ghost
  2094 | D:3      | Gained mutation: You are mostly covered in molten scales.
                  | (AC +3) [demonic ancestry]
  2094 | D:3      | Reached XP level 6. HP: 48/48 MP: 6/6
  2743 | D:4      | Reached skill level 1 in Staves
  2899 | D:4      | Gained mutation: A meltable shield of frost defends you.
                  | (SH +4) [demonic ancestry]
  2899 | D:4      | Reached XP level 7. HP: 33/54 MP: 7/7
  2921 | D:4      | Found Jieprefoj's Magic Scroll Boutique.
  3177 | D:4      | Found an opulent altar of Gozag.
  3230 | D:4      | Found Tabeask's Armour Shop.
  3503 | D:4      | Bought a scroll of identify for 20 gold pieces
  3503 | D:4      | Bought a scroll of amnesia for 40 gold pieces
  3503 | D:4      | Bought a scroll of identify for 20 gold pieces
  3503 | D:4      | Bought a scroll of identify for 20 gold pieces
  3503 | D:4      | Bought a scroll of identify for 20 gold pieces
  3544 | D:4      | Found Utaere's Antique Weapon Shop.
  3667 | D:4      | Found a blossoming altar of Fedhas.
  3887 | D:5      | Entered Level 5 of the Dungeon
  3927 | D:5      | Noticed Sigmund
  3953 | D:5      | Killed Sigmund
  3954 | D:5      | Reached skill level 5 in Fighting
  4264 | D:5      | Gained mutation: A meltable icy envelope protects you from
                  | harm. (AC +4) [demonic ancestry]
  4264 | D:5      | Reached XP level 8. HP: 41/64 MP: 8/8
  4929 | D:6      | Found a staircase to the Ecumenical Temple.
  4969 | Temple   | Entered the Ecumenical Temple
  4978 | Temple   | Became a worshipper of Hepliaklqana the Forgotten
  5319 | D:6      | Noticed Dowan
  5320 | D:6      | Noticed Duvessa
  5333 | D:6      | Killed Duvessa
  5334 | D:6      | Reached skill level 1 in Evocations
  5342 | D:6      | Killed Dowan
  5953 | D:7      | Reached XP level 9. HP: 62/74 MP: 9/9
  6131 | D:7      | Reached * piety under Hepliaklqana
  6161 | D:7      | Reached skill level 5 in Armour
  6652 | D:7      | Reached skill level 1 in Polearms
  6703 | D:8      | Identified the +7 flail of the Bedazzling Shark {drain,
                  | rF+++ rC+ Dex-4}
  6727 | D:8      | Noticed Psyche
  6735 | D:8      | Killed Psyche
  6736 | D:8      | Reached skill level 2 in Maces & Flails
  6739 | D:8      | HP: 2/61 [wight/+0 flail (8)]
  6742 | D:8      | Reached skill level 3 in Maces & Flails
  7090 | D:8      | Reached skill level 4 in Maces & Flails
  7099 | D:8      | Reached skill level 5 in Maces & Flails
  7134 | D:8      | Found the +0 toga "Victory" {*Victory Clar}
  7174 | D:8      | Reached XP level 10. HP: 72/72 MP: 10/10
  7175 | D:8      | Reached skill level 6 in Maces & Flails
  7260 | D:8      | Noticed Jeremiah
  7272 | D:8      | Killed Jeremiah
  7455 | D:8      | Noticed Gastronok
  7461 | D:8      | Reached skill level 7 in Maces & Flails
  7471 | D:8      | Killed Gastronok
  7472 | D:8      | Reached skill level 8 in Maces & Flails
  8009 | D:9      | Reached skill level 9 in Maces & Flails
  8116 | D:9      | Noticed a two-headed ogre
  8127 | D:9      | Killed a two-headed ogre
  8128 | D:9      | Reached skill level 10 in Maces & Flails
  8708 | D:10     | Entered Level 10 of the Dungeon
  8730 | D:10     | Gained mutation: Your presence sometimes corrodes those you
                  | injure. [demonic ancestry]
  8730 | D:10     | Reached XP level 11. HP: 77/77 MP: 11/11
  8890 | D:10     | Reached skill level 11 in Maces & Flails
  9129 | D:10     | Noticed Fannar
  9138 | D:10     | Killed Fannar
  9184 | D:10     | Found a staircase to the Lair.
  9205 | D:10     | Reached ** piety under Hepliaklqana
  9206 | D:10     | Remembered your ancestor Xiuhtonal as a knight
  9250 | D:10     | Found a staircase to the Orcish Mines.
  9492 | D:11     | Reached skill level 5 in Shields
  9613 | D:11     | Identified the +7 dagger of the Dragonfly {drain, *Slow
                  | rF++ rN+ rCorr Dex-4}
  9864 | D:11     | Noticed a centaur warrior
  9872 | D:11     | Killed a centaur warrior
  9873 | D:11     | Reached skill level 5 in Evocations
 10206 | D:12     | Noticed a two-headed ogre
 10212 | D:12     | Killed a two-headed ogre
 10213 | D:12     | Reached XP level 12. HP: 82/82 MP: 12/12
 10218 | D:12     | Noticed a boulder beetle
 10252 | D:12     | Killed a boulder beetle
 10352 | D:12     | Noticed a tengu warrior
 10584 | D:12     | Reached skill level 5 in Dodging
 10891 | D:12     | Noticed a boulder beetle
 10913 | D:12     | Killed a boulder beetle
 11003 | D:12     | Killed a tengu warrior
 11224 | D:13     | Noticed a centaur warrior
 11237 | D:13     | Killed a centaur warrior
 11304 | D:13     | Noticed a centaur warrior
 11327 | D:13     | Killed a centaur warrior
 11387 | D:13     | Noticed a death knight
 11413 | D:12     | Killed a death knight
 11604 | D:13     | Noticed a centaur warrior
 11612 | D:13     | Killed a centaur warrior
 11618 | D:13     | Reached *** piety under Hepliaklqana
 11634 | D:13     | Found a gate to the Vaults.
 11634 | D:13     | Noticed a yaktaur captain
 11648 | D:13     | Mangled by a yaktaur captain

Illustrated notes

Levels and vault maps discovered:
D:1:      dpeg_arrival_stone_temple_mockup, layout_basic, minmay_heptomino_d4
D:2:      layout_loops_corners, basic_altar
D:3:      layout_loops_corners, nicolae_yredelemnul_ghost_church,
          gup_sewer_entry_bowl, serial_bayou, serial_bayou_lagoon_a,
          serial_bayou_pond_a, serial_bayou_shore_b, serial_bayou_pond_a,
          chequers_big_river, nicolae_shop_vocational
D:4:      layout_loops_ring, fedhas_altar_decomposition,
          nicolae_gozag_cash_rules_everything_around_me, serial_shops,
          nicolae_shop_peninsula, shop, kennysheep_mini, dk_noncrumbling_3
D:5:      minmay_skewed_foursquare, layout_rooms,
          chequers_serial_rivers_micro_e, uniq_sigmund
D:6:      layout_loops_cross, minmay_temple_entry_trees, uniq_duvessa
D:7:      layout_cave_pods
D:8:      layout_cave_pods, uniq_jeremiah, uniq_gastronok, uniq_psyche
D:9:      old_forge, layout_basic, nicolae_twisty_statue_hallways
D:10:     layout_rooms, david_lair_generic, david_orc_3, uniq_fannar
D:11:     minmay_wavy_crystal, layout_basic, due_unseen_surprise
D:12:     layout_roguey, kb_tengu_band
D:13:     layout_basic, david_vaults_2, uniq_snorg
Temple:   compressed_dpeg_triangle_lava_temple

Skill      XL: |  1  2  3  4  5  6  7  8  9 10 11 12 |
---------------+-------------------------------------+-----
Fighting       | 3 4 6 8 |  8.0
Short Blades   | 3 4 |  4.0
Armour         | 2 3 4 6 9 |  9.0
Staves         | 2 4 |  4.0
Evocations     | 4 7 |  7.0
Polearms       | 2 |  2.5
Maces & Flails | 5 10 11 | 11.9
Shields        | 6 |  6.0
Dodging        | 3 5 |  5.0
Throwing       | |  1.7

Action                     |  1- 3 |  4- 6 |  7- 9 | 10-12 || total
---------------------------+-------+-------+-------+-------++-------
  Melee: Rapier            |   111 |    85 |       |       ||   196
         Punch             |     1 |       |     1 |     2 ||     4
         Tailslap          |     4 |    20 |    36 |    62 ||   122
         Quarterstaff      |       |    64 |   275 |       ||   339
         Flail             |       |       |    41 |   482 ||   523
  Throw: Throwing net      |       |     3 |       |     2 ||     5
 Invoke: Ancestor Life: Kn |       |       |       |     1 ||     1
         Recall Ancestor   |       |       |       |     1 ||     1
  Evoke: Wand              |       |       |       |    10 ||    10
         Tin of tremorston |       |       |       |     1 ||     1
    Use: Scroll            |     5 |     8 |     5 |     7 ||    25
         Potion            |       |     1 |     1 |     3 ||     5
   Stab: Distracted        |       |       |       |     2 ||     2
 Armour: Leather armour    |     7 |    45 |   158 |       ||   210
         Ring mail         |    49 |    35 |    80 |   156 ||   320
         Troll leather arm |       |       |       |   215 ||   215
  Dodge: Dodged            |    48 |    81 |   187 |   300 ||   616
  Block: Buckler           |     5 |    20 |       |   149 ||   174
         Other             |       |       |    54 |    37 ||    91

Table legend: (Time is in decaauts)
 A = Elapsed time spent in this place.
 B = Non-inter-level travel time spent in this place.
 C = Inter-level travel time spent in this place.
 D = Time resting spent in this place.
 E = Time spent auto-exploring this place.
 F = Levels seen in this place.
 G = Mean time per level.
                   A        B        C        D        E       F      G
               +--------+--------+--------+--------+--------+-----+--------+
         Total |  11908 |  11542 |    366 |   1969 |   7317 |  15 |  793.9 |
       Dungeon |  11774 |  11426 |    348 |   1969 |   7253 |  13 |  905.7 |
        Temple |     18 |      1 |     17 |      0 |      0 |   1 |   18.0 |
         Sewer |    115 |    115 |      0 |      0 |     64 |   1 |  115.0 |
               +--------+--------+--------+--------+--------+-----+--------+

Top non-repeatable levels by time:
     D:8: 1328 daAuts
    D:12: 1265 daAuts
     D:3: 1228 daAuts
     D:4: 1197 daAuts
     D:6: 1153 daAuts
     D:7: 963 daAuts
    D:11: 904 daAuts
     D:2: 789 daAuts
     D:9: 782 daAuts
     D:5: 692 daAuts
    D:10: 632 daAuts
     D:1: 605 daAuts
    D:13: 233 daAuts
   Sewer: 115 daAuts
  Temple: 18 daAuts
